 Dungeon Crawl Stone Soup version 0.31-a0-237-g2d982f9f85 (webtiles) character file.

Game seed: 14907950735858899278

46 Harunobu the Cudgeller (level 3, 0/33 HPs)
             Began as a Gargoyle Gladiator on July 11, 2023.
             Slain by Natasha (2 damage)
             ... on level 1 of the Dungeon.
             The game lasted 00:01:44 (1302 turns).

Harunobu the Cudgeller (Gargoyle Gladiator)         Turns: 1302, Time: 00:01:45

Health: 0/33       AC: 11    Str: 19    XL:     3   Next: 68%
Magic:  3/3        EV: 12    Int:  8    God:
Gold:   71         SH:  0    Dex: 11    Spells: 2/2 levels left

rFire   . . .        a - +0 flail
rCold   . . .        (no shield)
rNeg    + . .        b - +0 leather armour
rPois   ∞            c - +0 helmet
rElec   +            (no cloak)
rCorr   .            (no gloves)
SInv    .            (no boots)
Will    .....        (no amulet) Stlth
                     k - +4 ring of protection
HPRegen 0.25/turn    (no ring)
MPRegen 0.08/turn

%: no passive effects
@: berserking, slowed
A: sickness immunity, AC +3, negative energy resistance 1, electricity
resistance, torment resistance 1, petrification resistance
a: no special abilities


You were on level 1 of the Dungeon.
You visited 1 branch of the dungeon, and saw 2 of its levels.

You collected 71 gold pieces.

Inventory:

Hand Weapons
 a - a +0 flail (weapon)
Missiles
 d - 3 throwing nets (quivered)
 e - a javelin
Armour
 b - a +0 leather armour (worn)
 c - a +0 helmet (worn)
Jewellery
 k - a +4 ring of protection (left hand)
 n - a +4 ring of protection
Scrolls
 f - 2 scrolls of teleportation {unknown}
 h - a scroll of identify {unknown}
 i - a scroll of fog {unknown}
Potions
 j - a potion of degeneration {unknown}
 l - a potion of curing {unknown}
 m - a potion of heal wounds {unknown}


   Skills:
 + Level 2.8 Fighting
 + Level 3.4 Maces & Flails
 + Level 2.2 Throwing
 + Level 2.8 Dodging


You had 2 spell levels left.
You didn't know any spells.
Your spell library was empty.

Dungeon Overview and Level Annotations

Branches:
Dungeon (2/15)

Altars:

Annotations:
D:1 Natasha
D:2 Jessica


Innate Abilities, Weirdness & Mutations

You are immune to sickness and miasma.
Your stone body is resilient. (AC +3)
You are immune to poison.
You resist negative energy. (rN+)
You are resistant to electric shocks. (rElec)
You are resistant to unholy torment.
You are immune to petrification.


Message History

Natasha barely misses you.
You climb upwards.
The cerulean imp disappears in a puff of smoke!
There is a stone staircase leading down here.
You closely miss the kobold. Natasha barely misses you. The kobold misses you.
The rat closely misses you.
You completely miss the kobold.
Natasha stares at you and mumbles some strange words.
You feel yourself slow down. The kobold closely misses you.
The rat barely misses you. Natasha barely misses you.
The kobold barely misses you. The rat bites you but does no damage.
You hit the kobold but do no damage. Natasha claws you.
The kobold hits you but does no damage. The rat closely misses you.
You closely miss the kobold.
Natasha growls.
Natasha stares at you and mumbles some strange words.
You feel as though you will be slow longer.
The kobold hits you but does no damage. The rat closely misses you.
Natasha howls an incantation.
You feel disoriented. Natasha claws you.
The kobold hits you but does no damage. The rat bites you.
You sock the kobold!
You kill the kobold!
Natasha stares at you and mumbles some strange words.
The magic dart hits you.
* * * LOW HITPOINT WARNING * * *
The rat closely misses you. Natasha barely misses you.
The rat barely misses you.
You closely miss Natasha. Natasha barely misses you.
The rat bites you but does no damage. Natasha claws you.
* * * LOW HITPOINT WARNING * * *
The rat closely misses you.
It was a potion of berserk rage.
A red film seems to cover your vision as you go berserk!
You feel yourself moving faster!
You feel mighty! Natasha closely misses you. The rat misses you.
You are too berserk!
You closely miss Natasha. Natasha barely misses you.
The rat closely misses you. Natasha claws you.
You die...

...............# #.#...#.#
.......).......# #.#.#.#.#
...............####.#.#.#.#
###..............##.#.#.#.#
#............#.##.#.#.#.#
#............#.##.#.#.#.#
####'#####...#.##.#.#.#.#
######.#####...#r##.#.#.#'#######
...........+...h@##.#...........#
######.#####...#)##.#...........#
#.##.....##.##.#...........#
#.##.....##.##.#...........#
######'##........##.#...........#
...............####.....).#######
...............# ###.##.........
...............# ##.##.....#####
.......##......# ##.##......#


You could see Natasha and a rat.

Vanquished Creatures
  2 dart slugs (D:1)
  4 endoplasms
  A giant cockroach (D:2)
  6 goblins (D:1)
  3 hobgoblins (D:1)
  6 kobolds (D:1)
  2 quokkas (D:1)
  6 ball pythons
  A bat (D:1)
  A frilled lizard (D:1)
  6 rats
38 creatures vanquished.

Notes
Turn   | Place    | Note
-------+----------+-------------------------------------------
     0 | D:1      | Harunobu the Gargoyle Gladiator began the quest for the
                  | Orb.
     0 | D:1      | Reached XP level 1. HP: 12/12 MP: 1/1
    93 | D:1      | Reached XP level 2. HP: 15/18 MP: 2/2
   567 | D:1      | Reached XP level 3. HP: 22/22 MP: 3/3
   872 | D:1      | Found a faded altar of an unknown god.
  1278 | D:2      | Noticed Jessica
  1287 | D:2      | Noticed Natasha
  1299 | D:1      | HP: 1/22 [Natasha/magic dart (6)]
  1302 | D:1      | Slain by Natasha

Illustrated notes

Levels and vault maps discovered:
D:1:      psy_arrival_spokes, layout_basic,
          hellmonk_ecumenical_altar_leap_of_faith, chequers_decorated_corner
D:2:      layout_rooms, basic_altar, uniq_natasha, uniq_jessica

Skill      XL: |  1  2 |
---------------+-------+-----
Throwing       | 2 |  2.2
Fighting       | |  2.8
Maces & Flails | |  3.4
Dodging        | |  2.8

Action                     || total
---------------------------++-------
  Melee: Flail             ||   106
    Use: Potion            ||     1
 Armour: Leather armour    ||    69
  Dodge: Dodged            ||   123

Table legend: (Time is in decaauts)
 A = Elapsed time spent in this place.
 B = Non-inter-level travel time spent in this place.
 C = Inter-level travel time spent in this place.
 D = Time resting spent in this place.
 E = Time spent auto-exploring this place.
 F = Levels seen in this place.
 G = Mean time per level.
                   A        B        C        D        E       F      G
               +--------+--------+--------+--------+--------+-----+--------+
         Total |   1330 |   1318 |     12 |    244 |    780 |   2 |  665.0 |
       Dungeon |   1330 |   1318 |     12 |    244 |    780 |   2 |  665.0 |
               +--------+--------+--------+--------+--------+-----+--------+

Top non-repeatable levels by time:
     D:1: 1309 daAuts
     D:2: 21 daAuts
